 Dungeon Crawl Stone Soup version 0.30-a0-738-g116ff8c4af (webtiles) character file.

Game seed: 17643930359662854657

12943 Pooter the Basher (level 11, -11/153 HPs)
             Began as a Minotaur Berserker on Feb 3, 2023.
             Was a Priest of Trog.
             Mangled by an orc warlord
             ... wielding a +1 broad axe of electrocution
              (25 damage)
             ... on level 1 of the Orcish Mines.
             The game lasted 00:50:45 (10589 turns).

Pooter the Basher (Minotaur Berserker)             Turns: 10589, Time: 00:50:46

Health: -11/153    AC: 20    Str: 24    XL:     11   Next: 69%
Magic:  10/10      EV:  7    Int:  6    God:    Trog [***...]
Gold:   553        SH:  0    Dex: 10    Spells: 10/10 levels left

rFire   . . .      SeeInvis .    a - +2 broad axe (heavy)
rCold   . . .      Faith    .    (no shield)
rNeg    . . .      Spirit   .    w - +2 plate armour
rPois   +          Reflect  .    (helmet restricted)
rElec   .          Harm     .    g - +0 cloak
rCorr   .          Rampage  .    D - +0 pair of gloves
Will    ++...                    M - +2 pair of boots Stlth
                                 (no amulet)
HPRegen 1.45/turn                P - ring of poison resistance
MPRegen 0.12/turn                y - ring of flight

@: berserking, strong-willed, flying, regenerating, very quick
A: horns 2, retaliatory headbutt
a: Renounce Religion, Berserk, Trog's Hand


You were on level 1 of the Orcish Mines.
You worshipped Trog.
Trog was most pleased with you.
You visited 2 branches of the dungeon, and saw 12 of its levels.

You collected 553 gold pieces.

Inventory:

Hand Weapons
 a - a +2 heavy broad axe (weapon)
   (You took it off an orc warlord on level 10 of the Dungeon)
 b - a +2 sling of draining
   (You found it on level 1 of the Dungeon)
 s - the +2 Maxwell's thermic engine {flame, freeze}
   (You found it on level 3 of the Dungeon)

   It becomes more effective when it hits something.
   This effect fades over time.
 F - a +0 war axe
   (You found it on level 5 of the Dungeon)
 J - a +0 shortbow
   (You took it off a centaur on level 6 of the Dungeon)
 N - a +0 battleaxe
   (You took it off a wight on level 7 of the Dungeon)
 R - a +0 trident
   (You found it on level 9 of the Dungeon)
 S - a +6 heavy flail
   (You found it on level 4 of the Dungeon)
Missiles
 l - 5 atropa-tipped darts
 n - 4 curare-tipped darts
 p - 3 javelins
 A - 15 poisoned darts (quivered)
 E - 2 silver boomerangs
 I - 3 boomerangs
 K - a throwing net {!f}
 Q - 100 stones
 T - a boomerang of dispersal {!f}
Armour
 g - a +0 cloak (worn)
   (You found it on level 1 of the Dungeon)
 w - a +2 plate armour (worn)
   (You found it on level 3 of the Dungeon)
 D - a +0 pair of gloves (worn)
   (You found it on level 4 of the Dungeon)
 M - a +2 pair of boots (worn)
   (You found it on level 6 of the Dungeon)
Jewellery
 y - a ring of flight (right hand)
   (You found it on level 4 of the Dungeon)
 P - a ring of poison resistance (left hand)
   (You found it on level 4 of the Dungeon)
Wands
 c - a wand of charming (21)
   (You found it on level 5 of the Dungeon)
 d - a wand of iceblast (1)
   (You found it on level 9 of the Dungeon)
 B - a wand of polymorph (9)
   (You took it off Duvessa on level 4 of the Dungeon)
 H - a wand of light (11)
   (You found it on level 5 of the Dungeon)
Scrolls
 k - 2 scrolls of noise {!r}
 m - 3 scrolls of blinking
 o - a scroll of magic mapping
 q - 2 scrolls of immolation {!r}
 t - 3 scrolls of teleportation {@r4}
 x - a scroll of fear
Potions
 e - a potion of magic {unknown}
 f - 2 potions of attraction {unknown}
 h - 2 potions of might {unknown}
 j - 6 potions of curing {@q1}
 r - 3 potions of cancellation {unknown}
 u - 3 potions of resistance {unknown}
 v - a potion of lignification {unknown}
 z - a potion of mutation {unknown}
 C - 3 potions of heal wounds {@q2}
 G - a potion of haste {unknown}
 L - 3 potions of berserk rage {unknown}
 O - 2 potions of brilliance {unknown}
Miscellaneous
 i - a piece from Xom's chessboard (15/15)
   (You found it on level 10 of the Dungeon)


   Skills:
 + Level 11.0 Fighting
 - Level 3.3 Long Blades
 * Level 7.1(10.9) Axes
 - Level 12.8(13.5) Maces & Flails
 + Level 11.1 Ranged Weapons
 - Level 6.8 Armour
 - Level 2.1 Dodging


You had 10 spell levels left.
You didn't know any spells.
Your spell library was empty.

Dungeon Overview and Level Annotations

Branches:
Dungeon (10/15)            Temple (0/1) D:6             Orc (2/2) D:10
   Lair: D:8-11         Elf: Orc:2

Altars:
Cheibriados
Dithmenos
Fedhas
Gozag
Kikubaaqudgha
Makhleb
Nemelex Xobeh
Ru
Sif Muna
Xom
Yredelemnul
Zin
The Shining One

Shops:
D:8 (   D:9 (   Orc:2 :


Innate Abilities, Weirdness & Mutations

You have a pair of horns on your head.
You reflexively headbutt those who attack you in melee.


Message History

The troll bites you. The troll claws you. The troll closely misses you.
There is a stone staircase leading up, spattered with blood here.
The centaur shoots an arrow.
The arrow hits you.
The centaur shoots an arrow.
The arrow completely misses you.
The orc warlord blocks the arrow.
The orc warlord barely misses you. You furiously retaliate!
You headbutt the orc warlord! The troll bites you.
The troll closely misses you. The troll claws you but does no damage.
The centaur shoots an arrow.
The arrow hits you!
The orc warrior hits you but does no damage.
The centaur shoots an arrow.
The arrow hits you.
The centaur shoots an arrow.
The arrow hits you.
You fly upwards.
There is a stone staircase leading down, spattered with blood here.
Things that are here:
a +0 ring mail; a +0 mace; an orc corpse A red film seems to cover your vision as you go berserk!
You feel yourself moving faster!
You feel mighty! The troll bites you but does no damage.
The troll barely misses you. x2
The orc warlord hits you with a +1 broad axe of electrocution.
You barely miss the orc warlord. The orc warlord blocks your attack.
You slice the troll!! The troll bites you but does no damage.
The troll barely misses you. The troll claws you but does no damage.
The orc warlord hits you but does no damage.
The orc warlord blocks your attack.
You slice the troll like a ripe choko!!!
You kill the troll!
Trog accepts your kill.
The troll leather armour is intact enough to wear.
The orc warlord hits you with a +1 broad axe of electrocution!
* * * LOW HITPOINT WARNING * * *
You are electrocuted!!
* * * LOW HITPOINT WARNING * * *
Your Fighting skill increases to level 11!
The orc warlord blocks your attack.
You headbutt the orc warlord!
The orc warlord hits you with a +1 broad axe of electrocution!
* * * LOW HITPOINT WARNING * * *
You slash the orc warlord! Your headbutt misses the orc warlord.
You slice the orc warlord!!
The orc warlord hits you with a +1 broad axe of electrocution.
* * * LOW HITPOINT WARNING * * *
The orc warlord blocks your attack.
The orc warlord hits you but does no damage.
You are electrocuted!!
* * * LOW HITPOINT WARNING * * *
The orc warlord blocks your attack. x2
The orc warlord hits you with a +1 broad axe of electrocution!
* * * LOW HITPOINT WARNING * * *
The orc warlord blocks your attack. x2
The orc warlord hits you with a +1 broad axe of electrocution!!
You die...

*,,,,,,***,,,,
**,,,,,,***,,,
**,*,,,,,,,,, ####
***,*,,,,,*,
###..### ***,,,,***
#......# *,,,,**
###......####
**,,,,*
##....[.<.##.##
**,,**
#.....†@o[.##.##
****
###.....).)......#
#.#......#.)...###
#......####.....###
##......####......#
##......#.......##
##.....#.....###
##.........##
##......###


You could see an orc warlord.

Vanquished Creatures
  An orc warlord (D:10)
  Azrael (Orc:1)
  A two-headed ogre (D:9)
  The ghost of Dordric the Blocker, a novice FoHu of Okawaru (D:9)
  An orc sorcerer (Orc:1)
  6 trolls
  18 yaks
  2 wyverns
  A wraith (D:10)
  3 fire elementals (Orc:2)
  2 vampire mosquitoes (D:10)
  2 steam dragons (D:6)
  2 hell hounds
  Duvessa (D:4)
  2 sky beasts
  2 black bears (D:6)
  5 orc warriors
  An ice beast (D:7)
  An ogre (D:5)
  3 centaurs
  2 kobold brigands
  7 necrophages
  A gnoll sergeant (D:6)
  3 bullfrogs
  A scorpion (D:7)
  8 wights
  Dowan (D:4)
  5 killer bees
  7 howler monkeys
  3 hounds
  A gnoll bouda (D:5)
  A jelly (D:8)
  6 iguanas
  14 orc priests
  8 orc wizards
  A howler monkey zombie (D:6)
  6 adders
  14 gnolls
  A shadow imp (D:6)
  A white imp (D:8)
  3 ufetubi
  2 worms
  A dart slug (D:1)
  44 orcs
  7 ball pythons
  6 endoplasms
  4 giant cockroaches
  4 goblins
  8 hobgoblins
  2 quokkas
  7 bats
  3 frilled lizards
  12 kobolds
  3 rats
  A bush (D:6)
254 creatures vanquished.

Vanquished Creatures (collateral kills)
  2 killer bees (D:10)
2 creatures vanquished.

Vanquished Creatures (others)
  A hell hound (Orc:2)
  A fungus (D:1)
  13 plants
15 creatures vanquished.

Grand Total: 271 creatures vanquished

Notes
Turn   | Place    | Note
-------+----------+-------------------------------------------
     0 | D:1      | Pooter the Minotaur Berserker began the quest for the Orb.
     0 | D:1      | Reached XP level 1. HP: 19/19 MP: 0/0
   326 | D:1      | You fall into a shaft and drop 1 floor!
   381 | D:2      | Found a sparkling altar of Nemelex Xobeh.
   393 | D:2      | Reached XP level 2. HP: 27/27 MP: 1/1
   436 | D:2      | Reached XP level 3. HP: 33/33 MP: 2/2
   643 | D:1      | Found a faded altar of an unknown god.
   850 | D:2      | Reached ** piety under Trog
  1161 | D:3      | Found a glowing golden altar of the Shining One.
  1161 | D:3      | Found a shimmering blue altar of Sif Muna.
  1178 | D:3      | Reached skill level 5 in Axes
  1178 | D:3      | Reached skill level 1 in Ranged Weapons
  1178 | D:3      | Reached XP level 4. HP: 41/41 MP: 3/3
  1409 | D:3      | Found the +2 Maxwell's thermic engine {flame, freeze}
  1508 | D:3      | Found a glowing silver altar of Zin.
  1657 | D:3      | Found an opulent altar of Gozag.
  1658 | D:3      | Found a sparkling altar of Nemelex Xobeh.
  1839 | D:3      | Reached skill level 1 in Long Blades
  2267 | D:4      | Noticed Duvessa
  2269 | D:4      | Noticed Dowan
  2274 | D:4      | Killed Duvessa
  2275 | D:4      | Reached skill level 5 in Fighting
  2275 | D:4      | Reached XP level 5. HP: 48/48 MP: 4/4
  2290 | D:4      | Killed Dowan
  2291 | D:4      | Reached XP level 6. HP: 36/56 MP: 5/5
  2502 | D:4      | Noticed Edmund
  2503 | D:4      | Edmund changed into Edmund the giant cockroach
  2503 | D:4      | Noticed Edmund
  2506 | D:4      | Killed Edmund the giant cockroach
  2660 | D:4      | Reached skill level 1 in Maces & Flails
  2724 | D:4      | Found a burning altar of Makhleb.
  2836 | D:5      | Entered Level 5 of the Dungeon
  3016 | D:5      | Reached skill level 2 in Maces & Flails
  3075 | D:5      | Found an ancient bone altar of Kikubaaqudgha.
  3129 | D:5      | Reached skill level 3 in Maces & Flails
  3129 | D:5      | Reached XP level 7. HP: 62/62 MP: 6/6
  3216 | D:5      | Reached skill level 4 in Maces & Flails
  3472 | D:5      | Noticed Eustachio
  3479 | D:5      | Eustachio changed into Eustachio the wyvern
  3479 | D:5      | Noticed Eustachio
  3482 | D:5      | Killed Eustachio the wyvern
  3568 | D:5      | Reached skill level 5 in Maces & Flails
  3813 | D:6      | Noticed a steam dragon
  3917 | D:6      | Killed a steam dragon
  3918 | D:6      | Reached skill level 6 in Maces & Flails
  3918 | D:6      | Reached XP level 8. HP: 71/71 MP: 7/7
  3965 | D:6      | Found a staircase to the Ecumenical Temple.
  3995 | D:6      | Reached skill level 5 in Ranged Weapons
  4108 | D:6      | Reached skill level 7 in Maces & Flails
  4738 | D:6      | Found a blossoming altar of Fedhas.
  5005 | D:6      | Reached skill level 8 in Maces & Flails
  5175 | D:6      | Reached XP level 9. HP: 81/81 MP: 8/8
  5217 | D:7      | Reached *** piety under Trog
  5220 | D:7      | Noticed a troll
  5228 | D:7      | Killed a troll
  5229 | D:7      | Reached skill level 9 in Maces & Flails
  6300 | D:7      | Found a shimmering altar of Xom.
  6510 | D:8      | Reached skill level 10 in Maces & Flails
  7357 | D:8      | Found a snail-covered altar of Cheibriados.
  7411 | D:8      | Found Milagg's Antique Weapon Emporium.
  7702 | D:8      | Reached XP level 10. HP: 91/91 MP: 9/9
  7730 | D:8      | Found a sacrificial altar of Ru.
  7789 | D:9      | Found Dizuet's Antique Weapon Emporium.
  8133 | D:8      | Reached skill level 11 in Maces & Flails
  8267 | D:9      | Noticed a two-headed ogre
  8274 | D:9      | Killed a two-headed ogre
  8275 | D:9      | Reached skill level 5 in Armour
  8275 | D:9      | Found a runed translucent gate.
  8276 | D:9      | Found a runed translucent gate.
  8277 | D:9      | Found a runed translucent gate.
  8281 | D:9      | Noticed Dordric's ghost (novice FoHu)
  8299 | D:9      | Killed Dordric's ghost
  8849 | D:10     | Entered Level 10 of the Dungeon
  8883 | D:10     | Reached skill level 10 in Fighting
  8890 | D:10     | Reached skill level 12 in Maces & Flails
  8953 | D:10     | Reached XP level 11. HP: 99/99 MP: 10/10
  8961 | D:10     | Found a shadowy altar of Dithmenos.
  8990 | D:10     | Reached skill level 10 in Ranged Weapons
  9043 | D:10     | Reached **** piety under Trog
  9133 | D:10     | Found a basalt altar of Yredelemnul.
  9227 | D:10     | Found a staircase to the Orcish Mines.
  9721 | Orc:1    | Entered Level 1 of the Orcish Mines
  9721 | Orc:1    | Noticed an orc sorcerer
  9734 | Orc:1    | Noticed an orc warlord
  9807 | D:10     | Upgraded the game from 0.30-a0-737-gf23d94013f to
                  | 0.30-a0-738-g116ff8c4af
  9914 | D:10     | Killed an orc warlord
  9981 | Orc:1    | Paralysed by an orc sorcerer for 4 turns
  9989 | Orc:1    | Killed an orc sorcerer
 10054 | Orc:2    | Entered Level 2 of the Orcish Mines
 10054 | Orc:2    | Found Vorgh's Book Shoppe.
 10058 | Orc:2    | Noticed Azrael
 10193 | Orc:1    | HP: 6/151 [burnt (3)]
 10195 | Orc:1    | Killed Azrael
 10412 | Orc:2    | Noticed an orc warlord
 10589 | Orc:1    | Mangled by an orc warlord

Illustrated notes

Levels and vault maps discovered:
D:1:      nzn_arrival_depleted_hourglass, layout_loops_ring,
          shapermc_ecumenical_altar_acropolis
D:2:      layout_rooms, basic_altar, chequers_serial_rivers_large_b
D:3:      layout_loops_ring, grunt_temple_overflow_opulence, zin_scriptorium,
          nicolae_overflow_two_pavilions, guppyfry_early_orc_mine
D:4:      layout_loops_ring, makhleb_blood_cavern_becter, st_stairs_14,
          grunt_decor_mini_mirrors, uniq_edmund, uniq_duvessa
D:5:      layout_basic, amcnicky_altar_gilded, uniq_eustachio
D:6:      layout_basic, fedhas_altar_decomposition,
          minmay_temple_entry_statues_fountains, st_stairs_3, minmay_door_square
D:7:      layout_loops_corners, kennysheep_mini
D:8:      layout_rooms, cheibrodos_worm_habitat, nicolae_ru_awakened_eye,
          serial_shops, shop_fountains, kennysheep_donut, serial_bayou_crossing
D:9:      layout_loops_ring, ebering_ghost_rock_garden, serial_shops, shop
D:10:     layout_loops_ring, mainiacjoe_overflow_cross_hatched,
          mainiacjoe_overflow_24_doors, orc_0_dummy, amethyst_killhole
Orc:1:    layout_diamond_mine
Orc:2:    st_orc_rangers, layout_caves, serial_shops, nicolae_diamond_shop,
          uniq_erolcha, uniq_azrael

Skill      XL: |  1  2  3  4  5  6  7  8  9 10 11 |
---------------+----------------------------------+-----
Axes           | 4 5 7 |  7.1
Fighting       | 4 5 6 7 9 10 11 | 11.0
Ranged Weapons | 1 2 3 4 6 8 9 11 | 11.1
Long Blades    | 2 3 |  3.3
Maces & Flails | 3 6 8 10 12 | 12.8
Armour         | 4 6 |  6.8
Dodging        | |  2.1

Action                     |  1- 3 |  4- 6 |  7- 9 | 10-12 || total
---------------------------+-------+-------+-------+-------++-------
  Melee: Hand axe          |    41 |       |       |       ||    41
         Punch             |     1 |       |       |     3 ||     4
         Headbutt          |     4 |     5 |    16 |    23 ||    48
         Double sword      |       |    32 |       |       ||    32
         Flail             |       |    19 |   130 |   131 ||   280
         Broad axe         |       |       |       |    23 ||    23
   Fire: Sling             |    38 |    43 |   142 |    47 ||   270
  Throw: Dart              |       |       |     2 |       ||     2
 Invoke: Trog's Hand       |       |     3 |     7 |    14 ||    24
         Berserk           |       |     2 |     5 |    11 ||    18
  Evoke: Wand              |       |     1 |     2 |     3 ||     6
    Use: Scroll            |       |     4 |     9 |     6 ||    19
 Armour: Scale mail        |    27 |     2 |       |       ||    29
         Animal skin       |     2 |       |       |       ||     2
         Plate armour      |       |    59 |   144 |   176 ||   379
  Dodge: Dodged            |    34 |    34 |    71 |    90 ||   229

Table legend: (Time is in decaauts)
 A = Elapsed time spent in this place.
 B = Non-inter-level travel time spent in this place.
 C = Inter-level travel time spent in this place.
 D = Time resting spent in this place.
 E = Time spent auto-exploring this place.
 F = Levels seen in this place.
 G = Mean time per level.
                   A        B        C        D        E       F      G
               +--------+--------+--------+--------+--------+-----+--------+
         Total |  11005 |  10769 |    236 |   2698 |   6142 |  12 |  917.1 |
       Dungeon |  10318 |  10082 |    236 |   2190 |   6104 |  10 | 1031.8 |
  Orcish Mines |    687 |    687 |      0 |    507 |     38 |   2 |  343.5 |
               +--------+--------+--------+--------+--------+-----+--------+

Top non-repeatable levels by time:
     D:8: 1650 daAuts
     D:6: 1532 daAuts
     D:7: 1332 daAuts
    D:10: 1152 daAuts
     D:5: 956 daAuts
     D:3: 944 daAuts
     D:4: 854 daAuts
     D:9: 756 daAuts
     D:1: 667 daAuts
   Orc:1: 662 daAuts
     D:2: 470 daAuts
   Orc:2: 24 daAuts
